 Dungeon Crawl Stone Soup version 0.31-a0-986-g5e6e4ef867 (webtiles) character file.

Game seed: 17580742513683690136

2024766 bakla the Golden Sash (level 24, 204/204 HPs)
             Began as a Demonspawn Brigand on Nov 19, 2023.
             Was a High Priest of Wu Jian.
             Escaped with the Orb
             ... and 3 runes on Nov 21, 2023!
             The game lasted 02:13:14 (45641 turns).

bakla the Golden Sash (Demonspawn Brigand)         Turns: 45641, Time: 02:13:14

Health: 204/204    AC: 15    Str: 10      XL:     24   Next: 46%
Magic:  46/46      EV: 30    Int: 12 (15) God:    Wu Jian [*****.]
Gold:   7227       SH: 20    Dex: 27      Spells: 23/23 levels left

rFire   + . .        m - +8 demon blade "Leech" {evervamp, Harm Drain rN+}
rCold   + . .        O - +2 kite shield
rNeg    + + +        o - +3 troll leather armour
rPois   +            h - +2 helmet {SInv}
rElec   .            (cloak unavailable)
rCorr   .            Y - +0 pair of gloves of Distant Worlds {rN+++ MP+9 Int-4 Slay+3}
SInv    +            x - +1 pair of boots "Weulaudu" {rPois Int+2}
Will    ++...        X - amulet "Baoqod" {Acrobat Regen+}
Stlth   +            R - ring of protection from fire
HPRegen 2.14/turn    D - ring of Amorality {Will+ Str-3 Int+2 Dex+4}
MPRegen 0.30/turn

%: harm (+30% outgoing, +20% incoming), acrobat
@: studying Short Blades
A: ignite blood 3, powered by pain 3, sanguine armour 2, corrupting presence 2,
word of chaos, weakness stinger 3, cold resistance 1
0: Orb of Zot
}: 3/15 runes: barnacled, silver, gossamer
a: Word of Chaos, Renounce Religion, Wall Jump, Serpent's Lash, Heavenly Storm


You escaped.
You worshipped Wu Jian.
Wu Jian was extremely pleased with you.
You visited 10 branches of the dungeon, and saw 48 of its levels.
You visited the Abyss 1 time.
You also visited: Bailey and Wizlab.

You collected 9512 gold pieces.
You spent 2285 gold pieces at shops.

Inventory:

Hand Weapons
 m - the +8 demon blade "Leech" (weapon) {evervamp, Harm Drain rN+}
   (You took it off a deep elf zephyrmancer on level 3 of the Elven Halls)

   rN+:       It protects you from negative energy.
   Drain:     It drains your maximum health when unequipped.
   Harm:      It increases damage dealt and taken.
 F - the +9 quick blade "Hugiemil" {flame, rC+ Int-5 Stlth+}
   (You acquired it on level 2 of the Shoals)

   Int-5:     It affects your intelligence (-5).
   rC+:       It protects you from cold.
   Stlth+:    It makes you more stealthy.
Missiles
 w - 8 throwing nets
 H - 7 curare-tipped darts
Armour
 c - a +2 cloak
 h - a +2 helmet of see invisible (worn)
 o - a +3 troll leather armour (worn)
 x - the +1 pair of boots "Weulaudu" (worn) {rPois Int+2}
   (You found it on level 1 of the Spider Nest)

   Int+2:     It affects your intelligence (+2).
   rPois:     It protects you from poison
 O - a +2 kite shield (worn)
 Y - the +0 pair of gloves of Distant Worlds (worn) {rN+++ MP+9 Int-4 Slay+3}
   (You bought it in a shop on level 1 of the Elven Halls)

   Int-4:     It affects your intelligence (-4).
   Slay+3:    It affects your accuracy & damage with ranged weapons and melee
   (+3).
   rN+++:     It renders you almost immune to negative energy.
   MP+9:      It affects your magic capacity (+9).
Jewellery
 e - a ring of resist corrosion
 j - a +5 ring of evasion
 p - a ring of willpower
 r - the ring of the Tortoise {AC+8}
   (You found it on level 1 of the Depths)

   [ring of protection]

   AC+8:      It affects your AC (+8).
 A - the ring "Guta" {rPois rF- rCorr Str+4 Dex+3 Slay+3}
   (You took it off a deep elf zephyrmancer on level 3 of the Elven Halls)

   [ring of resist corrosion]

   Str+4:     It affects your strength (+4).
   Dex+3:     It affects your dexterity (+3).
   Slay+3:    It affects your accuracy & damage with ranged weapons and melee
   (+3).
   rF-:       It makes you vulnerable to fire.
   rPois:     It protects you from poison rCorr: It protects you from acid and
   corrosion.
 D - the ring of Amorality (right hand) {Will+ Str-3 Int+2 Dex+4}
   (You found it on level 3 of the Elven Halls)

   [ring of willpower]

   Str-3:     It affects your strength (-3).
   Int+2:     It affects your intelligence (+2).
   Dex+4:     It affects your dexterity (+4).
   Will+:     It increases your willpower.
 R - a ring of protection from fire (left hand)
 U - a ring of protection from cold
 W - the necklace of Bloodlust {Fury *Rage Will++ Int-3 Slay+6}
   (You found it on level 4 of the Shoals)

   [amulet of nothing]

   Fury:      It extends the wearer's berserk rage when killing foes.
   Int-3:     It affects your intelligence (-3).
   Slay+6:    It affects your accuracy & damage with ranged weapons and melee
   (+6).
   Will++:    It greatly increases your willpower.
   *Rage:     It berserks you when you make melee attacks (+50% chance).
 X - the amulet "Baoqod" (around neck) {Acrobat Regen+}
   (You found it on level 3 of the Spider Nest)

   [amulet of the acrobat]

   Acrobat:   It increases your evasion while moving and waiting.
   Regen+:    It increases your rate of health regeneration.
Wands
 b - a wand of digging (3)
 d - a wand of paralysis (20)
 t - a wand of acid (10)
 N - a wand of roots (37)
Scrolls
 a - 21 scrolls of teleportation
 f - 4 scrolls of enchant armour
 y - a scroll of summoning
 B - 6 scrolls of vulnerability
 J - 4 scrolls of amnesia
 K - 4 scrolls of enchant weapon
 L - 5 scrolls of fog
 P - 3 scrolls of torment
 S - 2 scrolls of poison
 T - 6 scrolls of immolation
 V - 7 scrolls of fear
 Z - 3 scrolls of blinking
Potions
 g - 3 potions of cancellation
 i - 14 potions of curing
 k - 3 potions of invisibility
 l - 4 potions of attraction
 n - 7 potions of enlightenment
 q - 4 potions of mutation
 s - 13 potions of brilliance
 u - 4 potions of berserk rage
 v - 5 potions of magic
 z - a potion of resistance
 C - 9 potions of ambrosia
 E - 6 potions of heal wounds
 G - 6 potions of lignification
 M - 5 potions of haste
 Q - 3 potions of might


   Skills:
 - Level 20.0 Fighting
 - Level 14.0(15.4) Short Blades
 - Level 11.0(14.0) Long Blades
 - Level 1.7 Throwing
 + Level 13.3 Armour
 - Level 20.0 Dodging
 - Level 3.6 Stealth
 - Level 20.0 Shields
 - Level 20.1 Invocations
 - Level 4.0 Evocations


You had 23 spell levels left.
You didn't know any spells.
Your spell library contained the following spells:

 Spells                   Type           Power      Damage    Failure   Level
 Apportation              Tloc           0%         N/A       54%         1
 Freeze                   Ice            0%         1d3       54%         1
 Kiss of Death            Conj/Necr      0%         2d5       54%         1
 Magic Dart               Conj           0%         1d3       54%         1
 Necrotise                Necr           0%         1d4       54%         1
 Sting                    Tmut/Pois      0%         1d3       54%         1
 Summon Small Mammal      Summ           0%         N/A       54%         1
 Blink                    Tloc           0%         N/A       67%         2
 Call Imp                 Summ           0%         N/A       67%         2
 Ensorcelled Hibernation  Hex/Ice        0%         N/A       67%         2
 Jinxbite                 Hex            0%         N/A       67%         2
 Lesser Beckoning         Tloc           0%         N/A       67%         2
 Momentum Strike          Conj/Tloc      0%         3d8       67%         2
 Poisonous Vapours        Pois/Air       0%         N/A       67%         2
 Searing Ray              Conj           0%         2d4       67%         2
 Call Canine Familiar     Summ           0%         N/A       88%         3
 Confusing Touch          Hex            0%         N/A       88%         3
 Dazzling Flash           Conj/Hex       0%         N/A       88%         3
 Frozen Ramparts          Ice            0%         1d1       88%         3
 Gell's Gravitas          Tloc           0%         N/A       88%         3
 Hailstorm                Conj/Ice       0%         3d3       88%         3
 Inner Flame              Hex/Fire       0%         N/A       88%         3
 Mephitic Cloud           Conj/Pois/Air  0%         N/A       88%         3
 Ozocubu's Armour         Ice            0%         N/A       88%         3
 Sigil of Binding         Hex            0%         N/A       88%         3
 Summon Guardian Golem    Hex/Summ       0%         N/A       88%         3
 Teleport Other           Tloc           0%         N/A       88%         3
 Volatile Blastmotes      Fire/Tloc      0%         2d10      88%         3
 Anguish                  Hex/Necr       0%         N/A       99%         4
 Animate Dead             Necr           0%         N/A       99%         4
 Dimensional Bullseye     Hex/Tloc       0%         N/A       99%         4
 Dispel Undead            Necr           0%         3d6       99%         4
 Flame Wave               Conj/Fire      0%         2d4       99%         4
 Fulminant Prism          Conj/Hex       0%         3d5       99%         4
 Iskenderun's Mystic Bla  Conj/Tloc      0%         2d3       99%         4
 Leda's Liquefaction      Hex/Erth       0%         N/A       99%         4
 Olgreb's Toxic Radiance  Pois           0%         N/A       99%         4
 Sticky Flame             Conj/Fire      0%         2d3       99%         4
 Vhi's Electric Charge    Tloc/Air       0%         N/A       99%         4
 Alistair's Intoxication  Tmut/Pois      0%         N/A       100%        5
 Arcjolt                  Conj/Air       0%         1d10      100%        5
 Borgnjor's Vile Clutch   Necr/Erth      0%         N/A       100%        5
 Silence                  Hex/Air        0%         N/A       100%        5
 Summon Forest            Summ/Tloc      0%         N/A       100%        5
 Yara's Violent Unravell  Hex/Tmut       0%         3d3       100%        5
 Death Channel            Necr           0%         N/A       100%        6
 Dispersal                Tloc           0%         N/A       100%        6
 Eringya's Noxious Bog    Tmut/Pois      0%         4d6       100%        6
 Plasma Beam              Fire/Air       0%         2x1d10    100%        6
 Simulacrum               Ice/Necr       0%         N/A       100%        6
 Starburst                Conj/Fire      0%         6d3       100%        6
 Enfeeble                 Hex            0%         N/A       100%        7
 Haunt                    Necr/Summ      0%         N/A       100%        7
 Malign Gateway           Summ/Tloc      0%         N/A       100%        7
 Ozocubu's Refrigeration  Ice            0%         4d7       100%        7
 Summon Hydra             Summ           0%         N/A       100%        7
 Borgnjor's Revivificati  Necr           0%         N/A       100%        8
 Infestation              Necr           0%         N/A       100%        8
 Maxwell's Capacitive Co  Air            0%         ∞         100%        8
 Summon Horrible Things   Summ           0%         N/A       100%        8
 Chain Lightning          Conj/Air       0%         N/A       100%        9
 Death's Door             Necr           0%         N/A       100%        9
 Fire Storm               Conj/Fire      0%         5d1       100%        9
 Polar Vortex             Ice            0%         N/A       100%        9
 Shatter                  Erth           0%         3d5*      100%        9


Dungeon Overview and Level Annotations

Branches:
Dungeon (15/15)            Temple (1/1) D:5            Lair (5/5) D:9
 Shoals (4/4) Lair:2       Spider (4/4) Lair:3        Slime (0/5) Lair:4
    Orc (2/2) D:9             Elf (3/3) Orc:2        Vaults (5/5) D:13
  Crypt (0/3) Vaults:3     Depths (4/4) D:15            Zot (5/5) Depths:4
 Bailey (visited)          WizLab (visited)

Altars:
Ashenzari
Cheibriados
Dithmenos
Fedhas
Gozag
Hepliaklqana
Kikubaaqudgha
Makhleb
Nemelex Xobeh
Okawaru
Qazlal
Ru
Sif Muna
Trog
Uskayaw
Vehumet
Wu Jian
Xom
Yredelemnul

Shops:
D:6 *   D:11 (   D:15 =   Orc:2 !(((   Elf:1 ([   Elf:3 :   Shoals:1 [
Shoals:3 *   Vaults:3 (   Depths:1 ?*   Depths:4 (

Portals:
Hell: Depths:1 Depths:2 Depths:3 Depths:4
Abyss: Depths:3
Pandemonium: Depths:2

Annotations:
Lair:4 exclusion: oklob plant
Shoals:2 Roxanne
Spider:1 2 transporters, Hubris850's ghost, adept MfIE
Elf:2 3 runed translucent doors
Depths:2 1 runed translucent door


Innate Abilities, Weirdness & Mutations

Your demonic aura causes all spilled blood to erupt in flames.
You are powered by pain.
When seriously injured, your blood forms thick armour. (AC +0)
Your presence sometimes corrodes or deforms those you injure.
You can speak a Word of Chaos.
You have a sharp stinger which inflicts weakening toxins.
Your flesh is cold resistant. (rC+)


Message History

What level of the Dungeon? (default 1, ? - help)
There is an open door, spattered with blood here.
You feel a little less mighty now.
You see here a +0 hand axe.
There is a stone staircase leading up, spattered with blood here.
You climb upwards.
There is a stone staircase leading down here.
You feel a little less agile now.
There is a stone staircase leading up here.
You climb upwards.
There is a stone staircase leading down here.
There is a stone staircase leading up here.
You climb upwards.
There is a stone staircase leading down here.
There is a stone staircase leading up here.
You climb upwards.
There is a stone staircase leading down here.
An efreet comes into view.
It is wielding a +4 scimitar of flaming.
The efreet gestures at you. The bolt of fire misses you.
There is a stone staircase leading up here.
You climb upwards.
There is a stone staircase leading down here.
What level of the Dungeon? (default 1, ? - help)
There is a stone staircase leading up here.
You climb upwards.
There is a stone staircase leading down here.
There is an open door here.
There is an open door here.
There is a stone staircase leading up here.
You climb upwards.
There is a stone staircase leading down here.
There is a stone staircase leading up here.
You climb upwards.
There is a stone staircase leading down here.
What level of the Dungeon? (default 1, ? - help)
There is an open door here.
There is a staircase leading out of the dungeon here.
There is a staircase leading out of the dungeon here.
You have escaped!

......+.....).#.#
.....)###..>.##.#
..#######'#######
>.# ###...###
..####.[.....###
..##...........##
..#.....#'#.....##
......###~###....#
....###.~≈~.###.@#
...##..~≈≈~~..##.#
..##>~≈~≈≈≈~~~>###
..##############
#.# ### # # #


There were no monsters in sight!

Vanquished Creatures
  2 dread liches
  6 orbs of fire (Zot:5)
  An ancient lich (Vaults:5)
  Sojobo (Depths:1)
  Parghit (Zot:1)
  Boris (Depths:3)
  4 Killer Klowns (Zot:5)
  Xtahua (Depths:3)
  A Head Instructor (WizLab)
  Saint Roka (Vaults:5)
  A caustic shrike (Depths:3)
  6 golden dragons
  Nikola (Shoals:1)
  A Tzitzimitl (D:15)
  Arachne (Spider:2)
  3 electric golems
  9 tentacled monstrosities
  Rupert (D:13)
  A lich (D:13)
  An Ice Fiend (Depths:2)
  29 Orb Guardians
  2 deep elf blademasters (Elf:3)
  A walking earthen tome (Depths:4)
  4 titans
  4 quicksilver dragons
  A walking divine tome (Depths:4)
  Asterion (Spider:4)
  A walking frostbound tome (Depths:3)
  4 sphinxes
  2 krakens
  A deep elf master archer (Elf:3)
  2 death cobs
  8 storm dragons
  14 tengu reavers
  Aizul (Shoals:3)
  9 shadow dragons
  4 draconian monks
  2 draconian knights
  10 frost giants
  7 fire giants
  A balrug (Depths:3)
  4 emperor scorpions
  9 ghost moths
  3 iron dragons
  14 vault wardens
  The ghost of Ugityfae the Ripper, an adept FeDe of Gozag (Spider:3)
  7 deep elf sorcerers
  2 orc warlords
  7 deep elf elementalists
  Louise (Shoals:2)
  2 draconian scorchers
  2 draconian annihilators
  2 war gargoyles (Vaults:5)
  A demonspawn corrupter (D:13)
  14 very ugly things
  13 ironbound preservers
  3 broodmothers (Spider:4)
  8 ironbound thunderhulks
  5 spriggan defenders
  A reaper (Vaults:3)
  13 stone giants
  2 formless jellyfish
  3 vampire knights
  2 green draconians
  3 deep elf demonologists
  7 deep elf annihilators
  3 purple draconians
  A demonspawn black sun (D:13)
  Azrael (D:14)
  4 black draconians
  5 white draconians
  12 dire elephants
  3 red draconians
  6 yellow draconians
  3 spark wasps (Spider:4)
  A crystal guardian (Vaults:4)
  A blizzard demon (Depths:4)
  3 merfolk impalers
  4 deep elf death magi (Elf:3)
  An eidolon (Vaults:3)
  6 fire dragons
  A green death (Depths:2)
  10 ettins
  7 entropy weavers
  Josephine (Lair:4)
  A deep elf high priest (Elf:3)
  10 merfolk javelineers
  5 hydras
  A rakshasa (D:14)
  10 yaktaur captains
  6 ice dragons
  34 vault guards
  2 great orbs of eyes
  A peacekeeper (Vaults:4)
  9 ironbound frosthearts
  2 merfolk avatars
  A jorogumo (Spider:4)
  6 spriggan air magi
  A catoblepas (Lair:2)
  3 ogre magi
  7 merfolk aquamancers
  11 two-headed ogres
  6 centaur warriors
  7 boulder beetles
  15 dancing weapons
  2 radroaches (Spider:1)
  9 deep troll shamans
  2 vampire magi
  3 alligator snapping turtles
  3 death yaks (Lair:5)
  3 satyrs (Shoals:4)
  3 orc high priests (Orc:2)
  11 demonic crawlers
  4 tengu warriors
  2 spriggan berserkers
  3 occultists
  A shock serpent (shapeshifter) (Vaults:5)
  A soul eater (Depths:2)
  11 deep elf knights
  Amaemon (Lair:2)
  8 deep troll earth magi
  Sonja (D:10)
  Nergalle (Lair:3)
  7 hell knights (Vaults:5)
  3 skysharks
  A sixfirhy (Depths:2)
  5 pharaoh ants
  8 iron trolls (Depths:1)
  A flayed ghost (Depths:3)
  2 glowing orange brains
  3 salamander mystics (WizLab)
  57 deep trolls
  5 sea snakes
  2 sun moths
  4 lindwurms
  3 arcanists
  16 ironbound convokers
  A shadow demon (D:13)
  19 harpies
  10 deep elf archers
  8 orb spiders
  11 orc knights
  6 mana vipers (WizLab)
  26 deep elf zephyrmancers
  11 steelbarb worms
  23 deep elf pyromancers
  7 necromancers
  3 phantasmal warriors (Vaults:5)
  2 sphinx simulacra
  5 orc sorcerers
  A mana viper (shapeshifter) (Vaults:4)
  17 fauns
  21 ugly things
  A faun (shapeshifter) (Elf:2)
  24 wolf spiders
  8 cyclopes
  A manticore (shapeshifter) (Depths:4)
  18 manticores
  A shining eye (shapeshifter) (Vaults:1)
  4 elephants (Lair:4)
  14 vault sentinels
  A rust devil (D:13)
  13 moths of wrath
  10 merfolk sirens
  A cane toad (shapeshifter) (Elf:2)
  10 water nymphs
  6 black mambas
  An orange demon (Lair:2)
  A water nymph (shapeshifter) (Depths:3)
  2 molten gargoyles (Lair:5)
  6 torpor snails
  2 smoke demons (Depths:3)
  An ice statue (D:13)
  An unseen horror (D:11)
  10 cane toads
  4 rime drakes
  A freezing wraith (D:14)
  A kobold demonologist (D:12)
  11 tengu conjurers
  15 komodo dragons
  Maggie (D:7)
  24 yaktaurs
  An elf skeleton (Vaults:1)
  6 trolls
  4 harpy zombies (Shoals:4)
  20 merfolk
  A polar bear (Lair:2)
  9 meliai
  A queen bee (Spider:1)
  A troll (shapeshifter) (D:15)
  8 hornets
  8 wind drakes
  23 tarantellas
  9 blink frogs
  3 snapping turtles
  27 slime creatures
  17 dream sheep
  31 jumping spiders
  A shadow (D:12)
  An air elemental (Elf:3)
  13 culicivoras
  2 spriggans
  22 water elementals
  9 wyverns
  4 wraiths
  40 yaks
  7 fire elementals
  A hog (shapeshifter) (Elf:2)
  11 basilisks
  13 vampire mosquitoes
  49 redbacks
  Menkaure (D:5)
  A steam dragon (Lair:5)
  2 wargs
  An acid dragon (shapeshifter) (Elf:1)
  A naga (shapeshifter) (Elf:1)
  3 acid dragons
  Duvessa (D:4)
  28 water moccasins
  5 hell hounds
  A human skeleton (Vaults:1)
  26 orc warriors
  9 black bears
  2 ice beasts
  7 ogres
  An orc skeleton (Vaults:1)
  A wolf (Lair:1)
  2 boggarts (Elf:1)
  8 centaurs
  3 kobold brigands
  16 bullfrogs
  2 gnoll sergeants
  3 scorpions
  8 wights (D:8)
  Dowan (D:4)
  26 killer bees
  A howler monkey (D:7)
  3 electric eels
  5 lava snakes (Lair:5)
  2 hounds
  3 jellies
  15 orc priests
  2 gnoll boudas
  Ijyb (D:3)
  Terence (D:3)
  6 iguanas
  15 orc wizards
  A hound zombie (D:3)
  Robin (D:2)
  29 gnolls
  9 adders
  2 shadow imps
  2 ufetubi (D:4)
  3 adder zombies (D:3)
  2 worms
  66 orcs
  13 ball pythons
  6 bats
  A bat zombie (Shoals:4)
  4 endoplasms
  A giant cockroach (D:4)
  21 goblins
  16 hobgoblins
  6 jackals
  3 quokkas
  3 frilled lizards
  25 kobolds
  9 rats
  5 tentacles
1825 creatures vanquished.

Vanquished Creatures (collateral kills)
  A kobold (Bailey)
1 creature vanquished.

Vanquished Creatures (others)
  A fire giant (Vaults:5)
  Erica (D:8)
  A merfolk avatar (Shoals:3)
  A deep elf zephyrmancer (Elf:1)
  A water elemental (Elf:1)
  An orc warrior (Vaults:5)
  2 orcs (Vaults:5)
  11 tentacles
19 creatures vanquished.

Grand Total: 1845 creatures vanquished

Notes
Turn   | Place    | Note
-------+----------+-------------------------------------------
     0 | D:1      | bakla the Demonspawn Brigand began the quest for the Orb.
     0 | D:1      | Reached XP level 1. HP: 16/16 MP: 1/1
    78 | D:1      | Reached skill level 1 in Dodging
   155 | D:1      | Gained mutation: Your demonic aura sometimes causes spilled
                  | blood to erupt in flames. [demonic ancestry]
   155 | D:1      | Reached XP level 2. HP: 22/22 MP: 2/2
   762 | D:1      | Reached XP level 3. HP: 28/28 MP: 3/3
  1061 | D:2      | Noticed Robin
  1138 | D:2      | Killed Robin
  1318 | D:2      | Reached XP level 4. HP: 35/35 MP: 4/4
  1741 | D:3      | Found a basalt altar of Yredelemnul.
  1949 | D:3      | Reached XP level 5. HP: 41/41 MP: 5/5
  1955 | D:3      | Noticed Ijyb
  2251 | D:3      | Noticed Terence
  2255 | D:3      | Killed Terence
  2616 | D:3      | Killed Ijyb
  3197 | D:4      | Noticed Duvessa
  3202 | D:4      | Killed Duvessa
  3203 | D:4      | Reached XP level 6. HP: 48/48 MP: 6/6
  3204 | D:4      | Noticed Dowan
  3209 | D:4      | Killed Dowan
  3675 | D:5      | Entered Level 5 of the Dungeon
  3962 | D:5      | Gained mutation: You sometimes gain a little power by
                  | taking damage. [demonic ancestry]
  3962 | D:5      | Reached XP level 7. HP: 55/55 MP: 7/7
  3978 | D:5      | Identified the +5 war axe "Killer Bee's Curse" {flame, rC+}
  4032 | D:5      | Noticed Menkaure
  4155 | D:5      | Found a staircase to the Ecumenical Temple.
  4616 | D:5      | Reached skill level 5 in Fighting
  4619 | D:5      | Found a hazy altar of Hepliaklqana.
  4653 | D:5      | Killed Menkaure
  4936 | D:6      | Found a snail-covered altar of Cheibriados.
  5186 | D:6      | Reached skill level 5 in Short Blades
  5293 | D:6      | Found Ojiconis's Gadget Gallery.
  5331 | D:6      | Found a shimmering altar of Xom.
  5353 | D:6      | Gained mutation: When seriously injured, your blood forms
                  | armour. (AC +0) [demonic ancestry]
  5353 | D:6      | Reached XP level 8. HP: 63/64 MP: 8/8
  5374 | D:6      | Reached skill level 1 in Evocations
  5402 | D:6      | Reached skill level 5 in Dodging
  5871 | D:6      | Found a blossoming altar of Fedhas.
  5871 | D:6      | Found a sparkling altar of Nemelex Xobeh.
  5890 | D:6      | Found a bloodstained altar of Trog.
  5892 | D:6      | Found an iron altar of Okawaru.
  6108 | D:7      | Noticed Maggie
  6188 | D:7      | Killed Maggie
  6288 | D:7      | Reached XP level 9. HP: 71/71 MP: 9/9
  7039 | D:8      | Noticed Erica
  7180 | D:8      | Found a burning altar of Makhleb.
  7389 | Temple   | Entered the Ecumenical Temple
  7532 | D:8      | Killed Erica
  8310 | D:9      | Reached XP level 10. HP: 62/80 MP: 10/10
  8687 | D:9      | Found a staircase to the Lair.
  8951 | D:9      | Found a staircase to the Orcish Mines.
  9176 | D:9      | Found an opulent altar of Gozag.
  9468 | D:9      | Found an ornate altar of the Wu Jian Council.
  9473 | D:9      | Became a worshipper of the Wu Jian Council
  9508 | D:10     | Entered Level 10 of the Dungeon
  9639 | D:10     | Found a flagged portal.
  9668 | Bailey   | Entered a bailey
  9675 | Bailey   | Noticed an orc warlord
  9795 | Bailey   | Reached * piety under Wu Jian
  9804 | Bailey   | Found a runed translucent gate.
  9804 | Bailey   | Found a runed translucent gate.
  9804 | Bailey   | Found a runed translucent gate.
  9863 | Bailey   | Gained mutation: When seriously injured, your blood forms
                  | thick armour. (AC +0) [demonic ancestry]
  9863 | Bailey   | Reached XP level 11. HP: 71/90 MP: 11/11
  9964 | Bailey   | Killed an orc warlord
  9965 | Bailey   | Reached skill level 10 in Fighting
  9990 | Bailey   | Reached skill level 10 in Short Blades
  9990 | Bailey   | Reached skill level 10 in Dodging
  9990 | Bailey   | Reached XP level 12. HP: 100/100 MP: 12/12
 10388 | D:10     | Noticed Sonja
 10457 | Lair:1   | Entered Level 1 of the Lair of Beasts
 10601 | Lair:1   | Reached ** piety under Wu Jian
 11608 | Lair:1   | Noticed a boulder beetle
 11624 | Lair:1   | Killed a boulder beetle
 12018 | Lair:2   | Found a staircase to the Shoals.
 12181 | Lair:1   | Gained mutation: You sometimes gain power by taking damage.
                  | [demonic ancestry]
 12181 | Lair:1   | Reached XP level 13. HP: 72/109 MP: 13/13
 12263 | Lair:2   | Reached *** piety under Wu Jian
 12471 | Lair:2   | Found the +8 whip "Snakebite" {venom, curare, rPois}
 12613 | Lair:2   | Noticed Amaemon
 12712 | Lair:2   | Killed Amaemon
 13373 | Lair:3   | Noticed Nergalle
 13394 | Lair:3   | Killed Nergalle
 13695 | Lair:3   | Found a hole to the Spider Nest.
 13800 | Lair:3   | Reached **** piety under Wu Jian
 14287 | Lair:4   | Noticed Josephine
 14496 | Lair:4   | Killed Josephine
 14751 | Lair:4   | Identified the +0 chain mail of Fallacy {rPois rN+ Will-}
 14906 | Lair:4   | Found a staircase to the Slime Pits.
 15469 | Lair:5   | Identified the "Ymutzer"
 15469 | Lair:5   | Entered Level 5 of the Lair of Beasts
 15546 | Lair:5   | Identified a scroll of acquirement
 15788 | Lair:5   | Reached XP level 14. HP: 105/120 MP: 14/14
 16243 | Lair:5   | Reached ***** piety under Wu Jian
 16377 | Lair:5   | Found a large runed translucent door.
 16377 | Lair:5   | Found a large runed translucent door.
 17294 | D:10     | Killed Sonja
 17978 | D:11     | Found Varphog's Weapon Shop.
 18579 | D:12     | You fall into a shaft and drop 2 floors!
 18625 | D:14     | Reached skill level 15 in Fighting
 18820 | D:14     | Noticed Azrael
 18881 | D:14     | Killed Azrael
 18988 | D:14     | Found a radiant altar of Vehumet.
 19708 | D:13     | Noticed Rupert
 19717 | D:13     | Killed Rupert
 20024 | D:13     | Found an opulent altar of Gozag.
 20211 | D:13     | Found a gate to the Vaults.
 20410 | Orc:1    | Entered Level 1 of the Orcish Mines
 20427 | Orc:1    | Gained mutation: You are powered by pain. [demonic
                  | ancestry]
 20427 | Orc:1    | Reached XP level 15. HP: 111/130 MP: 15/15
 20594 | Orc:2    | Entered Level 2 of the Orcish Mines
 20650 | Orc:2    | Found a staircase to the Elven Halls.
 21347 | Orc:2    | Found Gedaabby's Weapon Boutique.
 21347 | Orc:2    | Found Ruunoigo's Distillery.
 21349 | Orc:2    | Found Hussoew's Weapon Boutique.
 21349 | Orc:2    | Found Soygrooz's Weapon Shoppe.
 21511 | Orc:2    | Bought a potion of invisibility for 104 gold pieces
 21511 | Orc:2    | Bought a potion of curing for 39 gold pieces
 21511 | Orc:2    | Bought a potion of haste for 130 gold pieces
 21511 | Orc:2    | Bought a potion of mutation for 104 gold pieces
 21511 | Orc:2    | Bought a potion of haste for 130 gold pieces
 21511 | Orc:2    | Bought a potion of invisibility for 104 gold pieces
 21511 | Orc:2    | Acquired 1034 gold pieces
 21961 | Shoals:1 | Entered Level 1 of the Shoals
 22113 | Shoals:1 | Reached skill level 15 in Dodging
 22318 | Shoals:1 | Identified the +1 flail of Stickiness {flame, Str+3}
 22736 | Shoals:1 | Noticed Nikola
 22765 | Shoals:1 | Killed Nikola
 22896 | Shoals:1 | Found Otaomy's Antique Armour Boutique.
 22906 | Shoals:1 | Bought a glowing helmet for 142 gold pieces
 23413 | Shoals:2 | Noticed Louise
 23488 | Shoals:2 | Noticed Roxanne
 23737 | Shoals:2 | Acquired the +9 quick blade "Hugiemil" {flame, rC+ Int-5
                  | Stlth+}
 23809 | Shoals:4 | Entered Level 4 of the Shoals
 23825 | Shoals:4 | Gained mutation: You have a small tail. [demonic ancestry]
 23825 | Shoals:4 | Reached XP level 16. HP: 134/141 MP: 16/16
 23877 | Shoals:4 | Got a barnacled rune of Zot
 23980 | Shoals:4 | Identified the +10 arbalest of Terror {drain, rF+}
 24046 | Shoals:4 | Found the necklace of Bloodlust {Fury *Rage Will++ Int-3
                  | Slay+6}
 24070 | Shoals:4 | Noticed a kraken
 24088 | Shoals:4 | Killed a kraken
 24532 | Shoals:3 | Identified the +0 scale mail of Complete Protection {Int+4}
 24726 | Shoals:3 | Noticed a kraken
 24739 | Shoals:3 | Killed a kraken
 24850 | Shoals:3 | Found Igymus's General Store.
 24859 | Shoals:3 | Bought a potion of heal wounds for 50 gold pieces
 24859 | Shoals:3 | Bought 2 scrolls of revelation for 150 gold pieces
 24859 | Shoals:3 | Bought a scroll of fear for 40 gold pieces
 24879 | Shoals:3 | Identified the serpent talisman "Hero's Friend" {rF+ rC+
                  | Str+2}
 24879 | Shoals:3 | Noticed Aizul
 24890 | Shoals:3 | Killed Aizul
 25437 | Shoals:2 | Killed Louise
 25622 | Spider:1 | Entered Level 1 of the Spider Nest
 25653 | Spider:1 | Found a transporter.
 25653 | Spider:1 | Noticed Hubris850's ghost (adept MfIE)
 25820 | Spider:1 | Gained mutation: Your presence sometimes corrodes those you
                  | injure. [demonic ancestry]
 25820 | Spider:1 | Reached XP level 17. HP: 76/153 MP: 17/17
 25969 | Spider:1 | Found a transporter.
 26156 | Spider:1 | Identified the +1 pair of boots "Weulaudu" {rPois Int+2}
 26757 | Spider:2 | Noticed Arachne
 26773 | Spider:2 | Killed Arachne
 26906 | Spider:3 | Found a runed translucent door.
 26907 | Spider:3 | Noticed Ugityfae's ghost (adept FeDe)
 27883 | Spider:3 | Killed Ugityfae's ghost
 27885 | Spider:3 | Identified the amulet "Baoqod" {Acrobat Regen+}
 27922 | Spider:4 | Entered Level 4 of the Spider Nest
 27926 | Spider:4 | Reached skill level 1 in Shields
 28198 | Spider:4 | Noticed Asterion
 28216 | Spider:4 | Killed Asterion
 28965 | Spider:4 | Reached skill level 5 in Shields
 28988 | Spider:4 | Gained mutation: Your demonic aura often causes spilled
                  | blood to erupt in flames. [demonic ancestry]
 28988 | Spider:4 | Reached XP level 18. HP: 162/162 MP: 3/18
 29089 | Spider:4 | Got a gossamer rune of Zot
 29905 | Vaults:5 | Identified the "Hollogg"
 29905 | Vaults:5 | Identified the of Ygoi
 29905 | Elf:1    | Entered Level 1 of the Elven Halls
 29942 | Elf:1    | Found Coban's Antique Armour Boutique.
 29942 | Elf:1    | Found Ositif's Antique Weapon Shop.
 29960 | Elf:1    | Bought a pair of translucent gloves for 294 gold pieces
 29960 | Elf:1    | Identified the +0 pair of gloves of Distant Worlds {rN+++
                  | MP+9 Int-4 Slay+3} (You bought it in a shop on level 1 of
                  | the Elven Halls)
 30099 | Elf:1    | Reached ****** piety under Wu Jian
 30201 | Elf:1    | Identified the +10 dagger of Vimmipi {drain, *Corrode rF+
                  | rC+}
 30873 | Elf:2    | Found a runed translucent gate.
 30873 | Elf:2    | Found a runed translucent gate.
 30912 | Elf:2    | Found a runed translucent gate.
 31409 | Elf:3    | Entered Level 3 of the Elven Halls
 31426 | Elf:3    | Found Ezeagoo's Book Shoppe.
 31515 | Elf:3    | Reached skill level 10 in Shields
 31721 | Elf:3    | Noticed an Ice Fiend
 31935 | Elf:3    | Gained mutation: Your presence sometimes corrodes or
                  | deforms those you injure. [demonic ancestry]
 31935 | Elf:3    | Reached XP level 19. HP: 54/169 MP: 19/19
 32090 | Elf:3    | Identified the +9 mace "Guggoin" {flame, rF+ Str+2}
 32227 | Elf:3    | Identified the ring "Guta" {rPois rF- rCorr Str+4 Dex+3
                  | Slay+3}
 32247 | Elf:3    | Identified the staff "Jups" {rPois Str+3 Poison}
 32253 | Elf:3    | Identified the +8 broad axe of Baareem {heavy, +Blink}
 32271 | Elf:3    | Identified the ring of Amorality {Will+ Str-3 Int+2 Dex+4}
 32296 | Elf:3    | Identified the +10 quarterstaff of the Warrior-Mage {heavy,
                  | Int+4 Dex+5}
 32597 | D:13     | Reached skill level 1 in Long Blades
 32964 | D:15     | Entered Level 15 of the Dungeon
 33060 | D:15     | Found a staircase to the Depths.
 33088 | D:15     | Found Veom's Jewellery Shop.
 33094 | D:15     | Bought a ring of protection from fire for 350 gold pieces
 33107 | D:15     | Acquired 1106 gold pieces
 33854 | Vaults:1 | Entered Level 1 of the Vaults
 34082 | Vaults:1 | Reached skill level 5 in Long Blades
 35625 | Vaults:2 | Gained mutation: You have a tail ending in a sharp stinger.
                  | [demonic ancestry]
 35625 | Vaults:2 | Reached XP level 20. HP: 144/176 MP: 20/20
 35657 | Vaults:2 | You fall into a shaft and drop 2 floors!
 36627 | Vaults:3 | Reached skill level 10 in Long Blades
 36722 | Vaults:3 | Found Fotywul's Weapon Shoppe.
 37420 | Vaults:3 | Found a staircase to the Crypt.
 37429 | Vaults:3 | Reached skill level 15 in Shields
 38858 | Vaults:5 | Entered Level 5 of the Vaults
 38873 | Vaults:5 | Gained mutation: Your demonic aura causes all spilled blood
                  | to erupt in flames. [demonic ancestry]
 38873 | Vaults:5 | Reached XP level 21. HP: 183/183 MP: 21/21
 38887 | Abyss:3  | Cast into level 3 of the Abyss (a deep elf sorcerer)
 38899 | Vaults:5 | Escaped the Abyss
 38906 | Vaults:5 | Noticed a golden dragon
 38908 | Vaults:5 | Noticed Saint Roka
 38955 | Vaults:5 | Noticed a dread lich
 38963 | Vaults:5 | Killed a golden dragon
 38963 | Vaults:5 | Killed a dread lich
 38978 | Vaults:5 | Reached skill level 1 in Invocations
 38996 | Vaults:5 | Reached skill level 5 in Invocations
 39010 | Vaults:5 | Noticed a golden dragon
 39018 | Vaults:5 | Killed a golden dragon
 39024 | Vaults:5 | Noticed an ancient lich
 39034 | Vaults:5 | Killed an ancient lich
 39049 | Vaults:5 | Killed Saint Roka
 39050 | Vaults:5 | Reached skill level 10 in Invocations
 39323 | Vaults:5 | Acquired a manual of Short Blades
 39337 | Vaults:5 | Identified the +1 leather armour of the Wilderness {Int+5}
 39344 | Vaults:5 | Identified the +1 ring mail "Irann" {rCorr Int+5}
 39439 | Vaults:5 | Identified the +1 hand axe of Tidogira {antimagic, Will+
                  | Str+5 Int-4}
 39594 | Vaults:5 | Got a silver rune of Zot
 39941 | Vaults:5 | Found the +6 lightning scales {swift, rElec}
 40379 | Depths:1 | Entered Level 1 of the Depths
 40460 | Depths:1 | Reached XP level 22. HP: 190/190 MP: 31/31
 40552 | Depths:1 | Found the ring of the Tortoise {AC+8}
 40639 | Depths:1 | Found Tynue's Assorted Antiques.
 40658 | Depths:1 | Bought a pair of embroidered gloves for 255 gold pieces
 40658 | Depths:1 | Bought a scroll of teleportation for 102 gold pieces
 40658 | Depths:1 | Bought a potion of curing for 102 gold pieces
 40667 | Depths:1 | Found Reihyet's Magic Scroll Boutique.
 40673 | Depths:1 | Bought a scroll of teleportation for 54 gold pieces
 40673 | Depths:1 | Bought a scroll of enchant armour for 135 gold pieces
 40714 | Depths:1 | Noticed Sojobo
 40728 | Depths:1 | Killed Sojobo
 40935 | Depths:1 | Reached skill level 15 in Invocations
 41086 | Depths:1 | Found a gateway to Hell.
 41147 | Depths:2 | Identified the +6 quarterstaff "Madeg" {drain, Stlth+}
 41642 | Depths:2 | Found a one-way gate leading to the halls of Pandemonium.
 41774 | Depths:2 | Found a blossoming altar of Fedhas.
 41873 | Depths:2 | Found a runed translucent door.
 41885 | Depths:2 | Found a runed translucent door.
 41885 | Depths:2 | Noticed a golden dragon
 41886 | Depths:2 | Noticed a golden dragon
 41890 | Depths:2 | Noticed a juggernaut
 42394 | Depths:3 | Found a magical portal.
 42427 | WizLab   | Entered Yara's Duelist Academy
 42510 | WizLab   | Noticed Vehizaff
 42513 | WizLab   | Killed Vehizaff the Head Instructor
 42805 | Depths:3 | Noticed a caustic shrike
 42812 | Depths:3 | Noticed Boris
 42819 | Depths:3 | Killed a caustic shrike
 42821 | Depths:3 | Killed Boris
 42823 | Depths:3 | Noticed a golden dragon
 42827 | Depths:3 | Noticed Xtahua
 42831 | Depths:3 | Killed a golden dragon
 42854 | Depths:3 | Reached skill level 1 in Armour
 42864 | Depths:3 | Killed Xtahua
 42885 | Depths:3 | Identified the +4 whip "Maumigh" {elec, rPois Will++ Dex+3}
 43207 | Depths:3 | Found a one-way gate to the infinite horrors of the Abyss.
 43230 | Depths:3 | Found an ancient bone altar of Kikubaaqudgha.
 43431 | Depths:3 | Gained mutation: You have a sharp stinger which inflicts
                  | weakening toxins. [demonic ancestry]
 43431 | Depths:3 | Reached XP level 23. HP: 189/196 MP: 37/37
 43589 | Depths:4 | Entered Level 4 of the Depths
 43743 | Depths:4 | Found Coejegic's Weapon Emporium.
 44116 | Depths:4 | Reached skill level 5 in Armour
 44165 | Depths:4 | Found a gate to the Realm of Zot.
 44195 | Zot:1    | Entered Level 1 of the Realm of Zot
 44213 | Zot:1    | Noticed Parghit
 44216 | Zot:1    | Killed Parghit
 44399 | Zot:5    | Entered Level 5 of the Realm of Zot
 44706 | Zot:5    | Noticed a Killer Klown
 44708 | Zot:5    | Noticed an orb of fire
 44710 | Zot:5    | Noticed an orb of fire
 44710 | Zot:5    | Gained mutation: Your spells are a little easier to cast,
                  | but a little less powerful. [an orb of fire]
 44711 | Zot:5    | Noticed a Killer Klown
 44711 | Zot:5    | Killed an orb of fire
 44711 | Zot:5    | Killed an orb of fire
 44712 | Zot:5    | Killed a Killer Klown
 44715 | Zot:5    | Killed a Killer Klown
 44716 | Zot:5    | Noticed an orb of fire
 44725 | Zot:5    | Gained mutation: You occasionally lose the ability to read
                  | scrolls when taking damage. [an orb of fire]
 44727 | Zot:5    | Killed an orb of fire
 44754 | Zot:5    | Noticed a Killer Klown
 44756 | Zot:5    | Noticed a dread lich
 44758 | Zot:5    | Reached skill level 10 in Armour
 44758 | Zot:5    | Gained mutation: You can speak a Word of Chaos. [demonic
                  | ancestry]
 44758 | Zot:5    | Reached XP level 24. HP: 204/204 MP: 37/37
 44766 | Zot:5    | Killed a dread lich
 44771 | Zot:5    | Noticed an orb of fire
 44773 | Zot:5    | Noticed an orb of fire
 44775 | Zot:5    | Gained mutation: You are vulnerable to cold. (rC-) [an orb
                  | of fire]
 44779 | Zot:5    | Gained mutation: Your spells are easier to cast, but less
                  | powerful. [an orb of fire]
 44780 | Zot:5    | Gained mutation: You are dopey. (Int -2) [an orb of fire]
 44782 | Zot:5    | Killed an orb of fire
 44784 | Zot:5    | Killed an orb of fire
 44787 | Zot:5    | Killed a Killer Klown
 44788 | Zot:5    | Noticed a Killer Klown
 44789 | Zot:5    | Noticed an orb of fire
 44793 | Zot:5    | Killed an orb of fire
 44796 | Zot:5    | Killed a Killer Klown
 44904 | Zot:5    | Lost mutation: Your spells are easier to cast, but less
                  | powerful. [potion of mutation]
 44904 | Zot:5    | Lost mutation: You occasionally lose the ability to read
                  | scrolls when taking damage. [potion of mutation]
 44904 | Zot:5    | Gained mutation: You are weak. (Str -2) [potion of
                  | mutation]
 44904 | Zot:5    | Lost mutation: Your spells are a little easier to cast, but
                  | a little less powerful. [potion of mutation]
 44905 | Zot:5    | Lost mutation: You are dopey. (Int -2) [potion of mutation]
 44905 | Zot:5    | Lost mutation: You are weak. (Str -2) [potion of mutation]
 44905 | Zot:5    | Lost mutation: You are vulnerable to cold. (rC-) [potion of
                  | mutation]
 44905 | Zot:5    | Gained mutation: You do not regenerate when monsters are
                  | visible. [potion of mutation]
 44906 | Zot:5    | Lost mutation: You do not regenerate when monsters are
                  | visible. [potion of mutation]
 44906 | Zot:5    | Gained mutation: Your flesh is cold resistant. (rC+)
                  | [potion of mutation]
 44989 | Zot:5    | Got the Orb of Zot
 45409 | D:13     | Noticed Icexkuul the pandemonium lord
 45641 | D:$      | Escaped with the Orb!

Illustrated notes

Levels and vault maps discovered:
D:1:      evilmike_arrival_crescent, layout_loops_corners
D:2:      layout_basic, minmay_tromino_v7, uniq_robin
D:3:      layout_basic, nicolae_yredelemnul_corpse_copse, uniq_ijyb,
          uniq_terence
D:4:      layout_loops_ring, uniq_duvessa
D:5:      layout_cave_pools, marbit_many_paths, temple_doors_ab, uniq_menkaure
D:6:      layout_loops_ring, slow_altar_2, mainiacjoe_overflow_alcove_4,
          chequers_temple_overflow_minitemple, kennysheep_donut,
          nicolae_shop_gadgets
D:7:      layout_basic, uniq_maggie
D:8:      layout_rooms, lemuel_doored_altar, kennysheep_generic_room_12,
          uniq_erica
D:9:      layout_roguey, grunt_temple_overflow_gold_and_silver,
          nzn_wu_jian_contemplation, due_lair_maze_entry_diamond, david_orc_2
D:10:     layout_loops_corners, enter_bailey_7, uniq_sonja
D:11:     layout_loops_ring, nicolae_take_the_stairs
D:12:     layout_rooms
D:13:     layout_cave_pods, erik_vaults_2, serial_rivers,
          chequers_serial_rivers_micro_b, chequers_serial_rivers_micro_e,
          chequers_serial_rivers_micro_a, chequers_serial_rivers_small_b,
          minivault_16, nicolae_gozag_seed_capital, uniq_rupert
D:14:     layout_rooms, nicolae_vehumet_radiance, kennysheep_generic_room_13,
          uniq_azrael
D:15:     hangedman_depths_entry_civil_slaughter, layout_loops_ring,
          serial_shops, shop, nicolae_lava_and_water, nrook_mini_backslash
Temple:   nicolae_temple_ecumenical_triangle
Lair:1:   layout_gridlike, minmay_stone_trees_small, nzn_random_ring,
          grunt_megastairs_1
Lair:2:   minmay_guarded_unrand_snakebite, layout_regular_city,
          minmay_shoals_entry_centaurs, uniq_amaemon
Lair:3:   layout_regular_city, spider_nest_entry_rubble, beast_lair_carwin_4,
          uniq_nergalle
Lair:4:   minmay_lair_oklob_chamber, layout_cave_pods, slime_entry_1,
          grunt_megastairs_5, uniq_josephine
Lair:5:   cheibrodos_lair_end_hotspot, layout_gridlike,
          kennysheep_basilisk_garden
Shoals:1: layout_shoals, serial_shops, nicolae_shop_waterfront, uniq_nikola
Shoals:2: layout_shoals, uniq_roxanne, uniq_donald, uniq_ilsuiw, uniq_louise
Shoals:3: layout_shoals, serial_shops, shop, st_sunken_huts, uniq_aizul
Shoals:4: shoals_end_grunt_garden, layout_shoals, shoal_ilsuiw,
          nicolae_shoals_undead_eyrie
Spider:1: layout_spider_delve, gammafunk_ghost_berserking_beasts,
          nicolae_looking_at_the_future
Spider:2: layout_spider_delve, uniq_arachne
Spider:3: layout_cave_pods, gammafunk_ghost_grave, nicolae_orb_stairs
Spider:4: spider_rune_water, uniq_asterion
Orc:1:    layout_diamond_mine, uniq_erolcha
Orc:2:    grunt_orc_tribal_feast, layout_caves
Elf:1:    eino_elf_arrival_shootout, layout_loops_corners, serial_glass,
          glass_columns_c, glass_columns_a, hangedman_elf_disciples,
          einodemon_crawler_minivault, minmay_shoptagon
Elf:2:    elven_hall_of_blades_hangedman_original [mumra_blade_entry_bloodbath],
          layout_onion_city, st_stairs_6
Elf:3:    minmay_elf_hall_dome, layout_geoelf_grid, serial_shops, shop
Vaults:1: vaults_dpeg_doors, nicolae_vaults_meiosis,
          nicolae_vaults_branching_niches, vaults_room_pool,
          nicolae_vaults_cochlea, nicolae_vaults_specimen_jars, v_misc_10,
          nicolae_vaults_what_the_h, nicolae_vaults_little_squares_1,
          nicolae_vaults_network_s, nicolae_vaults_heart-shaped_vault,
          vaults_room_fours, nicolae_vaults_trapezoid_lopsided_3,
          vaults_room_stairs_pillars, layout_vaults_omnicross
Vaults:2: vaults_standard_mumra_lines, ontoclasm_vaults_claustrophobia,
          v_misc_14, hangedman_vaults_nails, v_misc_22,
          nicolae_vaults_layer_cake_slice, nicolae_vaults_gold_heap,
          ontoclasm_vaults_loading_screen, nicolae_vaults_trapezoid_lopsided_1,
          layout_vaults_quadrants
Vaults:3: nicolae_vaults_layer_cake_slice, nicolae_vaults_inception_statues,
          grunt_vaults_funnel, v_misc_32, nicolae_vaults_spaceships,
          minmay_crypt_entry_simple_round, nicolae_vaults_trapezoid_2,
          vaults_dpeg_diagonal, v_misc_25, nicolae_vaults_offset_grid_hallway_3,
          nicolae_vaults_tetromino_Z_1, layout_vaults_omnibox, serial_shops,
          shop
Vaults:4: nicolae_vaults_apartment_2, nicolae_vaults_doubleplus_tesselated,
          nicolae_vaults_storage_room_doors, grunt_vaults_hallway_short,
          v_misc_27, nicolae_vaults_diffraction_hallways, vaults_room_fours,
          vaults_room_pool, v_misc_9, hangedman_vaults_stream,
          nicolae_vaults_frosty_reception, nicolae_vaults_hallways_thing,
          v_misc_19, layout_vaults_maze_snakey
Vaults:5: uniq_saint_roka
Depths:1: layout_roguey, pf_hell_entry_tar_spiral, serial_shops, shop,
          minmay_guarded_unrand_tortoise, minmay_shop_star, uniq_sojobo
Depths:2: thingy_vault_2, layout_cave_pools, grunt_hell_entry_dis_mu,
          rand_demon_pan_entry_4, chequers_big_river, fedhas_altar_fruit_tree,
          uniq_josephina
Depths:3: minmay_the_grid_square_5x5_3x3
          [minmay_the_grid_square_5x5_two_walls_a,
          minmay_the_grid_square_5x5_moneybag, minmay_the_grid_square_5x5_meh,
          minmay_the_grid_square_5x5_bracketed,
          minmay_the_grid_square_5x5_megaprize_diamond,
          minmay_the_grid_square_5x5_checkered,
          minmay_the_grid_square_5x5_inner_z, minmay_the_grid_square_5x5_lines,
          minmay_the_grid_square_5x5_v], layout_gridlike, mu_enter_wizlab_4,
          lightli_too_deep, abyss_entry_glasseish, kiku_gazebo_garden_becter,
          uniq_boris, uniq_xtahua
Depths:4: grunt_zot_entry_funnels, layout_basic, enter_ziggurat_a, serial_shops,
          shop, hangedman_decor_push, hangedman_coc_ice_floe, led_sif_pool
Zot:1:    layout_gridlike, nzn_ghost_randoct, uniq_parghit
Zot:2:    layout_cellular_growth, regret_index_zotdec_silver_v_v_loose,
          zot_minivault_5
Zot:3:    layout_onion_interference, zot_minivault_6
Zot:4:    layout_cellular_growth
Zot:5:    layout_cellular_growth, grunt_ministairs_2

Skill      XL: |  1  2  3  4  5  6  7  8  9 10 11 12 13 14 15 16 17 18 19 20 21 22 23 24 |
---------------+-------------------------------------------------------------------------+-----
Short Blades   | 2 3 4 5 6 7 9 10 11 12 14 | 14.0
Dodging        | 1 2 3 4 5 7 8 10 11 12 14 16 17 19 20 | 20.0
Fighting       | 3 4 5 6 8 9 11 12 14 15 17 19 20 | 20.0
Evocations     | 3 4 |  4.0
Shields        | 5 11 14 16 18 20 | 20.0
Long Blades    | 7 11 | 11.0
Invocations    | 13 20 | 20.1
Armour         | 3 10 13 | 13.3
Throwing       | |  1.7
Stealth        | |  3.6

Action                     |  1- 3 |  4- 6 |  7- 9 | 10-12 | 13-15 | 16-18 | 19-21 | 22-24 || total
---------------------------+-------+-------+-------+-------+-------+-------+-------+-------++-------
  Melee: Dagger            |   103 |   170 |   287 |  1020 |   627 |       |       |       ||  2207
         Punch             |       |     2 |     8 |    17 |    36 |    39 |     3 |       ||   105
         Rapier            |       |       |   186 |       |  1466 |       |       |       ||  1652
         Quick blade       |       |       |       |       |   131 |  2747 |  1453 |  1347 ||  5678
         Tailslap          |       |       |       |       |       |   540 |   453 |   433 ||  1426
         Demon blade       |       |       |       |       |       |       |   406 |   436 ||   842
  Throw: Dart              |     1 |    13 |    23 |     5 |     8 |     1 |       |       ||    51
         Throwing net      |       |       |     4 |       |       |     8 |       |     2 ||    14
 Invoke: Serpent's Lash    |       |       |       |       |    16 |    17 |     5 |    14 ||    52
         Heavenly Storm    |       |       |       |       |     1 |     4 |     1 |     4 ||    10
Ability: Lunge             |       |       |       |    23 |   107 |   132 |   121 |    87 ||   470
         Whirlwind         |       |       |       |     2 |   311 |   465 |   427 |   496 ||  1701
         Wall Jump         |       |       |       |       |     1 |     1 |       |       ||     2
  Evoke: Wand              |       |     7 |    12 |     5 |     9 |     4 |       |     8 ||    45
    Use: Scroll            |     4 |     8 |    11 |     8 |    18 |     4 |     3 |    10 ||    66
         Potion            |       |       |     2 |     5 |     5 |     3 |     5 |     7 ||    27
   Stab: Sleeping          |    15 |    10 |     6 |     2 |    18 |    24 |    31 |     5 ||   111
         Distracted        |     1 |     1 |       |       |     1 |     5 |     1 |       ||     9
         Held in net/web   |       |       |     1 |       |       |     2 |       |     2 ||     5
         Invisible         |       |       |       |    13 |     2 |       |       |       ||    15
         Paralysed         |       |       |       |       |     4 |       |       |       ||     4
 Armour: Robe              |    28 |    51 |    59 |       |       |       |       |       ||   138
         Steam dragon scal |       |       |    87 |    24 |       |       |       |       ||   111
         Troll leather arm |       |       |       |   177 |   512 |   274 |   198 |   185 ||  1346
         Leather armour    |       |       |       |       |       |    29 |       |       ||    29
  Dodge: Dodged            |    50 |   154 |   353 |   607 |  1239 |   979 |   508 |   452 ||  4342
  Block: Buckler           |       |       |       |       |       |       |   115 |       ||   115
         Kite shield       |       |       |       |       |       |       |   166 |   440 ||   606

Table legend: (Time is in decaauts)
 A = Elapsed time spent in this place.
 B = Non-inter-level travel time spent in this place.
 C = Inter-level travel time spent in this place.
 D = Time resting spent in this place.
 E = Time spent auto-exploring this place.
 F = Levels seen in this place.
 G = Mean time per level.
                   A        B        C        D        E       F      G
               +--------+--------+--------+--------+--------+-----+--------+
         Total |  44318 |  40115 |   4203 |   1888 |  26997 |  51 |  869.0 |
       Dungeon |  15419 |  13505 |   1914 |   1042 |   9039 |  15 | 1027.9 |
        Temple |     17 |     17 |      0 |      0 |      0 |   1 |   17.0 |
          Lair |   6116 |   5553 |    563 |    183 |   3904 |   5 | 1223.2 |
        Shoals |   3749 |   3414 |    335 |    261 |   1896 |   4 |  937.2 |
   Spider Nest |   4052 |   3850 |    202 |    201 |   2678 |   4 | 1013.0 |
  Orcish Mines |   1480 |   1248 |    232 |     70 |    893 |   2 |  740.0 |
   Elven Halls |   2478 |   2336 |    142 |     51 |   1600 |   3 |  826.0 |
        Vaults |   5907 |   5411 |    496 |      0 |   4275 |   5 | 1181.4 |
        Depths |   3516 |   3289 |    227 |     47 |   2325 |   4 |  879.0 |
           Zot |    932 |    844 |     88 |      9 |    169 |   5 |  186.4 |
         Abyss |     11 |     11 |      0 |      0 |      0 |   1 |   11.0 |
        Bailey |    292 |    292 |      0 |      0 |     71 |   1 |  292.0 |
        Wizlab |    341 |    341 |      0 |     23 |    145 |   1 |  341.0 |
               +--------+--------+--------+--------+--------+-----+--------+

Top non-repeatable levels by time:
  Lair:1: 1525 daAuts
     D:9: 1424 daAuts
     D:4: 1420 daAuts
     D:8: 1384 daAuts
  Lair:5: 1374 daAuts
Vaults:2: 1301 daAuts
Vaults:5: 1295 daAuts
Spider:4: 1281 daAuts
Vaults:1: 1264 daAuts
Depths:2: 1227 daAuts
Spider:3: 1137 daAuts
    D:10: 1135 daAuts
  Lair:2: 1122 daAuts
Shoals:1: 1103 daAuts
     D:6: 1099 daAuts
